 Dungeon Crawl Stone Soup version 0.20.1-1-g8b1a95d (webtiles) character file.

77 Jazqa the Skirmisher (level 4, -1/42 HPs)
             Began as a Minotaur Fighter on Oct 30, 2017.
             Slain by a gnoll
             ... wielding a +0 spear
              (8 damage)
             ... on level 2 of the Dungeon.
             The game lasted 00:02:00 (1290 turns).

Jazqa the Skirmisher (Minotaur Fighter)             Turns: 1290, Time: 00:02:01

Health: -1/42      AC:  8    Str: 22    XL:     4   Next: 14%
Magic:  3/3        EV:  7    Int:  5    God:
Gold:   163        SH:  9    Dex:  9    Spells: 3/3 levels left

rFire    . . .     SeeInvis .   a - +0 trident
rCold    . . .     Gourm    .   c - +0 shield
rNeg     . . .     Faith    .   b - +0 scale mail
rPois    .         Spirit   .   (helmet restricted)
rElec    .         Reflect  .   (no cloak)
rCorr    .         Harm     .   (no gloves)
MR       .....                  n - +0 pair of boots
Stlth    ..........             (no amulet)
Regen    0.2/turn               (no ring)
MPRegen  0.1/turn               (no ring)

@: no status effects
A: retaliatory headbutt, horns 2
a: no special abilities


You were on level 2 of the Dungeon.
You were not hungry.

You visited 1 branch of the dungeon, and saw 2 of its levels.

You collected 163 gold pieces.


Innate Abilities, Weirdness & Mutations

You reflexively headbutt those who attack you in melee.
You have a pair of horns on your head.


   Skills:
 + Level 5.0 Fighting
 + Level 4.1 Polearms
 - Level 3.6 Armour
 - Level 3.6 Shields


You had 3 spell levels left.
You didn't know any spells.

Inventory:

Hand Weapons
 a - a +0 trident (weapon)
Armour
 b - a +0 scale mail (worn)
 c - a +0 shield (worn)
 n - a +0 pair of boots (worn)
 t - a +0 cloak
Scrolls
 j - a scroll of recharging {unknown}
 l - a scroll of fear {unknown}
 p - 3 scrolls of teleportation {unknown}
 q - 4 scrolls of identify {unknown}
Potions
 d - a potion of might
 e - 2 potions of curing {unknown}
 g - 2 potions of degeneration {unknown}
 h - a potion of ambrosia {unknown}
 i - 3 potions of mutation {unknown}
 k - a potion of resistance {unknown}
 m - a potion of agility {unknown}
 o - a potion of lignification {unknown}
 r - a potion of brilliance {unknown}
Comestibles
 f - 2 bread rations {@e1}
 s - a fruit {@e2}
 u - 7 chunks of flesh
 v - a meat ration {@e1}

Dungeon Overview and Level Annotations

Branches:
Dungeon (2/15)

Altars:

#.# #.# #.# #.# #.#
#.# #.# #.#
######.##########
..........@.g....#
#######.#.######.##.#
#.# #.#...
..#.##.###.###
#<#.####.#.##.#.#.#..
#.... #.#.##.....#.#
## #.###
#.<..#.......# ## ..
..# #............# #.
..#.# #.
#.............
#.#####.#.# ..
#...........##


You could see a gnoll.


Message History

Aim: a gnoll, wielding a spear You reach to attack!
Your shield prevents you from hitting the gnoll.
The gnoll hits you from afar with a spear.
* * * LOW HITPOINT WARNING * * *
Attack whom?
Press: ? - help, Dir - move target cursor, f/p - gnoll
Aim: a gnoll, wielding a spear You reach to attack!
You hit the gnoll but do no damage. You block the gnoll's attack.
Attack whom?
Press: ? - help, Dir - move target cursor, f/p - gnoll
Aim: a gnoll, wielding a spear You reach to attack!
You hit the gnoll but do no damage. You block the gnoll's attack.
Unknown command.
Attack whom?
Press: ? - help, Dir - move target cursor, f/p - gnoll
Aim: a gnoll, wielding a spear You reach to attack!
Your shield and scale mail prevent you from hitting the gnoll.
The gnoll barely misses you.
The gnoll hits you from afar with a spear.
* * * LOW HITPOINT WARNING * * *
Attack whom?
Press: ? - help, Dir - move target cursor, f/p - gnoll
Aim: a gnoll, wielding a spear You reach to attack!
You hit the gnoll but do no damage.
The gnoll hits you from afar with a spear!
You die...

Skill      XL: |  1  2  3  4 |
---------------+-------------+-----
Fighting       | 4 5 |  5.0
Polearms       | 3 4 |  4.1
Armour         | |  3.6
Shields        | |  3.6

Action                   |  1- 3 |  4- 6 || total
-------------------------+-------+-------++-------
Melee: Trident           |    74 |     9 ||    83
       Headbutt          |     4 |     1 ||     5
  Eat: Chunk             |     1 |       ||     1
Armor: Scale mail        |    11 |       ||    11
Dodge: Dodged            |    12 |     3 ||    15
Block: Shield            |    23 |     3 ||    26

Vault maps used:
D:1:      saegor_arrival_under_anarchy, hangedman_decor_diamond_cutter,
          minmay_octomino_j4
D:2:      lemuel_coloured_pillars_altar, chequers_ecumenical_altar_simple_redux,
          minmay_vboxes

Notes
Turn   | Place    | Note
-------+----------+-------------------------------------------
     0 | D:1      | Jazqa the Minotaur Fighter began the quest for the Orb.
     0 | D:1      | Reached XP level 1. HP: 19/19 MP: 0/0
   162 | D:1      | Reached skill level 4 in Fighting
   162 | D:1      | Reached XP level 2. HP: 25/27 MP: 1/1
   258 | D:1      | Reached skill level 3 in Polearms
   997 | D:2      | Reached XP level 3. HP: 11/34 MP: 2/2
  1166 | D:2      | Found a faded altar of an unknown god.
  1281 | D:2      | Reached skill level 4 in Polearms
  1281 | D:2      | Reached XP level 4. HP: 23/41 MP: 3/3
  1284 | D:2      | Reached skill level 5 in Fighting
  1290 | D:2      | Slain by a gnoll

Vanquished Creatures
  2 gnolls (D:2)
  2 adders (D:2)
  A worm (D:2)
  4 dart slugs
  A leopard gecko (D:1)
  2 goblins
  6 hobgoblins
  A quokka (D:2)
  A bat (D:1)
  3 frilled lizards
  5 kobolds
  4 rats
32 creatures vanquished.
